[Event "1st Serbian League 2022"]
[Site "Vrnjacka Banja"]
[Date "2022.09.29"]
[Round "10.30"]
[White "Radivojevic, Milan R"]
[Black "Lukovic, Vladimir"]
[Result "0-1"]
[ECO "D02"]
[WhiteElo "2172"]
[BlackElo "2419"]
[Annotator "TA"]
[PlyCount "92"]
[EventDate "2022.09.20"]
[EventType "team-tourn"]
[EventCountry "SRB"]
[SourceTitle "playchess.com"]
[Source "ChessBase"]
[SourceQuality "1"]
[TimeControl "40/5400+30:1800+30"]

1. d4 Nf6 2. Nf3 d5 3. Bf4 c5 4. c3 Qb6 5. Qc2 Nc6 6. e3 g6 $1 {[%emt 0:00:19] 6...g6 is better than 6...Bf5. D02: 1 d4 d5 2 Nf3 sidelines, including 2...Nf6 3 g3 and 2...Nf6 3 Bf4.} 7. Nbd2 Bg7 8. h3 O-O {[%emt 0:02:12] The position is equal.} 9. Be2 Bf5 10. dxc5 (10. Qb3 $142) 10... Qxc5 $11 {[%emt 0:00:19] [#]} 11. Qa4 $146 ({Predecessor:} 11. Qb3 Na5 12. Qa4 Bd7 13. Qd4 Qc8 14. Qb4 Nc6 15. Qb3 Na5 16. Qa3 Nc6 17. O-O {1-0 (54) Le,T (2512)-Asgarizadeh,A (2428) Chess.com INT 2018}) 11... a6 12. Nb3 Qa7 13. Nbd4 Bd7 {[%emt 0:08:26][%cal Oe7e5] [#] And now ...e5! would win.} 14. Qa3 Rfe8 15. Ne5 e6 16. Ndxc6 Bxc6 17. Nxc6 bxc6 18. Be5 Bf8 19. Bd6 Bh6 20. O-O Ne4 21. Bd3 Nxd6 {[%emt 0:01:16] Black is more active.} 22. Qxd6 Qb6 23. Qe5 Bg7 24. Qd6 Qxb2 25. Qxc6 Rec8 $36 {[%emt 0:00:43][%mdl 2048] Keeping White busy.} ({Worse is} 25... Qxc3 26. Qxc3 Bxc3 27. Rac1 $17) 26. Qd7 Qxc3 27. Rac1 $2 (27. Rad1 $17) 27... Qxc1 $19 28. Rxc1 Rxc1+ 29. Kh2 Be5+ 30. f4 Rc7 31. Qa4 Bd6 32. h4 h5 33. Qd4 Rc6 {[%emt 0:19:33] Inhibits Qb6.} (33... Rb7 $19 {Hoping for ...Rab8.} 34. Qa4 Rab8 35. Qxa6 Be7) 34. Qa4 $2 (34. Qf6 $15) 34... Rb6 ({Black should play} 34... Rac8 $19 {Strongly threatening ...Be7.} 35. Bxa6 R8c7) 35. Qd7 (35. Qc2 $1 $15) 35... Bc5 36. e4 {[%emt 0:00:39] [#]} dxe4 $1 37. Bxe4 Rab8 38. Kh3 (38. Qd3 {keeps fighting.}) 38... Bf8 39. Bc2 $2 (39. Qc7) 39... Rd6 {[%emt 0:01:12] Black is clearly winning.} 40. Qa7 (40. Qa4 $142) 40... Rb2 41. Bb3 Rd3+ 42. Kh2 Bd6 43. Qa8+ Kh7 44. Kg1 Bxf4 {[%emt 0:01:43] ( -> ...Rb1+)} 45. Qe4 Rb1+ 46. Kf2 Rd2+ {[%emt 0:00:15] Weighted Error Value: White=0.66/Black=0.17 (very precise)} 0-1

[Event "1st Serbian League 2022"]
[Site "Vrnjacka Banja"]
[Date "2022.09.29"]
[Round "10.32"]
[White "Popovic, Dusan"]
[Black "Perunovic, Milos"]
[Result "1/2-1/2"]
[WhiteElo "2486"]
[BlackElo "2542"]
[Annotator "TA"]
[PlyCount "37"]
[EventDate "2022.09.20"]
[EventType "team-tourn"]
[EventCountry "SRB"]
[SourceTitle "playchess.com"]
[Source "ChessBase"]
[SourceQuality "1"]
[TimeControl "40/5400+30:1800+30"]

1. Nf3 {[%emt 0:00:03] ChessBase II} Nf6 2. g3 d5 3. Bg2 e6 4. O-O Be7 5. d3 O-O 6. Nbd2 c5 7. e4 Nc6 8. Re1 Rb8 {[%emt 0:00:05] [#]} {Predecessor:} 9. e5 $146 {C00: French: Unusual White 2nd moves.} Nd7 10. Nf1 b5 11. h4 d4 12. Bf4 Bb7 13. N1h2 c4 14. dxc4 bxc4 15. Nxd4 Nxd4 16. Qxd4 Bxg2 17. Kxg2 Nb6 18. Qxd8 Rfxd8 19. b3 {½-½ (41) Bailet,P (2528)-Stany,G (2491) Sautron 2017 CBM 181 Extra [ChessBase II]} 1/2-1/2

[Event "1st Serbian League 2022"]
[Site "Vrnjacka Banja"]
[Date "2022.09.29"]
[Round "10.33"]
[White "Miljkovic, Miroslav D"]
[Black "Boskovic, Drasko"]
[Result "1/2-1/2"]
[WhiteElo "2456"]
[BlackElo "2415"]
[Annotator "TA"]
[PlyCount "42"]
[EventDate "2022.09.20"]
[EventType "team-tourn"]
[EventCountry "SRB"]
[SourceTitle "playchess.com"]
[Source "ChessBase"]
[SourceQuality "1"]
[TimeControl "40/5400+30:1800+30"]

1. e4 c5 2. Nf3 Nc6 3. Bb5 d6 4. O-O Bd7 5. Re1 Nf6 6. c3 a6 7. Bf1 Bg4 {[%emt 0:00:06] [#]} {Predecessor:} 8. d4 $146 {B51: Sicilian: Moscow Variation (3 Bb5+) without 3...Bd7.} Bxf3 9. gxf3 cxd4 10. cxd4 e6 11. Nc3 d5 12. Bg5 Be7 13. Bxf6 Bxf6 14. exd5 Nxd4 15. Re4 Nf5 16. dxe6 O-O 17. exf7+ Kh8 18. Qd5 Nd6 19. Re6 Nxf7 20. f4 Bxc3 21. Qxd8 Nxd8 {0-1 (21) Giri,A (2761)-Xiong,J (2688) Chess.com INT 2022} 1/2-1/2

[Event "1st Serbian League 2022"]
[Site "Vrnjacka Banja"]
[Date "2022.09.29"]
[Round "10.34"]
[White "Zegarac, Vuk"]
[Black "Kosic, Dragan"]
[Result "1/2-1/2"]
[WhiteElo "2336"]
[BlackElo "2399"]
[Annotator "TA"]
[PlyCount "36"]
[EventDate "2022.09.20"]
[EventType "team-tourn"]
[EventCountry "SRB"]
[SourceTitle "playchess.com"]
[Source "ChessBase"]
[SourceQuality "1"]
[TimeControl "40/5400+30:1800+30"]

1. d4 d5 2. Nc3 e6 3. Nf3 Nf6 4. Bg5 Be7 5. Bxf6 Bxf6 6. e4 dxe4 7. Nxe4 Bd7 8. c3 {[%emt 0:00:09] C13: French: Classical System: 4 Bg5 Be7, Alekhine-Chatard Attack.} Bc6 9. Bd3 {[%emt 0:00:07] [#] An uneventful encounter.} {Predecessor:} Bxe4 $146 10. Bxe4 c6 11. Qb3 Qc7 12. O-O-O Nd7 13. Rhe1 h6 14. g3 O-O 15. h4 b5 16. Qc2 a5 17. Qe2 Rab8 18. Bc2 Rfd8 {1-0 (32) Bortnyk,O (2604)-Nyzhnyk,I (2692) Chess.com INT 2022} 1/2-1/2

[Event "1st Serbian League 2022"]
[Site "Vrnjacka Banja"]
[Date "2022.09.29"]
[Round "10.35"]
[White "Laketic, Gojko"]
[Black "Munizaba, Slobodan"]
[Result "1/2-1/2"]
[WhiteElo "2255"]
[BlackElo "2416"]
[Annotator "TA"]
[PlyCount "30"]
[EventDate "2022.09.20"]
[EventType "team-tourn"]
[EventCountry "SRB"]
[SourceTitle "playchess.com"]
[Source "ChessBase"]
[SourceQuality "1"]
[TimeControl "40/5400+30:1800+30"]

1. e4 e5 2. Nf3 Nc6 3. Bc4 Nf6 4. d3 Bc5 5. c3 d6 6. a4 {[%emt 0:00:29] Strongly threatening b4. C54: Giuoco Piano: 4 c3 Nf6, main lines with 5 d4 and 5 d3.} a5 {[%emt 0:00:06] Prevents b4.} 7. Nbd2 O-O 8. O-O h6 9. h3 {[%emt 0:00:02] [#] Not much happened in this game.  Weighted Error Value: White=0.12 (very precise) /Black=0.04 (flawless)} {Predecessor:} Re8 $146 10. Re1 Be6 11. Qc2 d5 12. Bb5 Bd6 13. Nf1 Nd7 14. Ne3 dxe4 15. dxe4 Nc5 {0-1 (51) Demchenko,A (2654)-Sanal,V (2601) Chess.com INT 2022} 1/2-1/2

[Event "1st Serbian League 2022"]
[Site "Vrnjacka Banja"]
[Date "2022.09.29"]
[Round "10.36"]
[White "Krstic, Petar"]
[Black "Kosanovic, Goran A"]
[Result "1/2-1/2"]
[WhiteElo "2290"]
[BlackElo "2244"]
[Annotator "TA"]
[PlyCount "39"]
[EventDate "2022.09.20"]
[EventType "team-tourn"]
[EventCountry "SRB"]
[SourceTitle "playchess.com"]
[Source "ChessBase"]
[SourceQuality "1"]
[TimeControl "40/5400+30:1800+30"]

1. Nf3 d5 2. g3 Nf6 3. Bg2 c6 4. O-O Bf5 5. b3 Nbd7 6. Bb2 e6 7. c4 Be7 8. d3 {[%emt 0:00:10] [#]} {Predecessor:} h6 $146 {A12: English Opening: 1...c6 with b3 by White.} 9. Nbd2 O-O 10. Qc2 Bh7 11. a3 a5 12. Ne5 Nxe5 13. Bxe5 Bd6 14. Qb2 Bxe5 15. Qxe5 Nd7 16. Qb2 Qf6 17. Qxf6 Nxf6 18. b4 axb4 19. axb4 Rfc8 20. Nb3 {½-½ (42) Rozum,I (2573)-Ponkratov,P (2622) Chennai 2020} 1/2-1/2